 Dungeon Sprint DCSS version 0.18.1-5-g4a78601 (webtiles) character file.

156 pipel the Thaumaturge (level 7, -3/38 HPs)
             Began as a Deep Elf Enchanter on May 9, 2016.
             Was the Champion of Cheibriados.
             Slain by the 27-headed Lernaean hydra (10 damage)
             ... in the Dungeon (Sprint VI: "Thunderdome").
             The game lasted 00:09:40 (555 turns).

pipel the Thaumaturge (Deep Elf Enchanter)           Turns: 555, Time: 00:09:41

Health: -3/38      AC:  3    Str: 28    XL:     7   Next: 63%
Magic:  6/26       EV: 20    Int: 39    God:    Cheibriados [******]
Gold:   260        SH:  0    Dex: 37    Spells: 5 memorised, 21 levels left

rFire  + . .     SeeInvis +     a - +1 dagger
rCold  . . .     Gourm    +     b - +1 robe
rNeg   + . .     Faith    .     (no shield)
rPois  .         Spirit   .     (no helmet)
rElec  .         Dismiss  .     (no cloak)
rCorr  .         Reflect  .     (no gloves)
SustAt .         Harm     .     (no boots)
MR     +....     NoTele   +     q - amulet "Yvidwu" {Gourm rC- Str+4 Dex+3 SInv}
Stlth  +++++.....               p - ring of Spite {rC+ Int+3 Dex+3}
                                r - ring "Cuol" {*Corrode rF+ rN+ MR+ Str+4 SInv}

@: very slightly contaminated, very slow, somewhat resistant to hostile
enchantments, quite stealthy
A: no striking features
a: Bend Time, Temporal Distortion, Slouch, Step From Time, Renounce Religion


You were in the Dungeon.
You worshipped Cheibriados.
Cheibriados was exalted by your worship.
You were completely stuffed.

You visited 1 branch You collected 440 gold pieces.
You spent 180 gold pieces at shops.

Inventory:

Hand Weapons
 a - a +1 dagger (weapon)
Armour
 b - a +1 robe (worn)
Jewellery
 o - the ring of the Quahog {+Fly MR++}
   (You bought it in a shop in the Dungeon)

   [ring of flight]

   It affects your resistance to hostile enchantments.
   It lets you fly.
 p - the ring of Spite (right hand) {rC+ Int+3 Dex+3}
   (You bought it in a shop in the Dungeon)

   [ring of intelligence]

   It affects your intelligence (+3).
   It affects your dexterity (+3).
   It protects you from cold.
 q - the amulet "Yvidwu" (around neck) {Gourm rC- Str+4 Dex+3 SInv}
   (You bought it in a shop in the Dungeon)

   [amulet of the gourmand]

   It allows you to eat raw meat even when not hungry.
   It affects your strength (+4).
   It affects your dexterity (+3).
   It makes you vulnerable to cold.
   It lets you see invisible.
 r - the ring "Cuol" (left hand) {*Corrode rF+ rN+ MR+ Str+4 SInv}
   (You bought it in a shop in the Dungeon)

   [ring of see invisible]

   It affects your strength (+4).
   It protects you from fire.
   It protects you from negative energy.
   It affects your resistance to hostile enchantments.
   It lets you see invisible.
   It may corrode you when you take damage.
Wands
 l - a wand of acid (0/15)
 m - a wand of iceblast (0/15)
Scrolls
 j - 2 scrolls of blinking
 n - 3 scrolls of fog
Potions
 e - a potion of curing
 f - 4 potions of heal wounds
 g - 4 potions of haste
 h - a potion of magic
 i - a potion of berserk rage
 k - a potion of resistance
Books
 c - a book of Maledictions

   Spells                             Type                      Level
   a - Corona                         Hexes                        1
   b - Ensorcelled Hibernation        Hexes/Ice                    2
   c - Confuse                        Hexes                        3
   d - Tukima's Dance                 Hexes                        3
   e - Dazzling Spray                 Conjuration/Hexes            3
Comestibles
 d - a bread ration


   Skills:
 + Level 1.6 Fighting
 + Level 3.5 Short Blades
 + Level 6.2 Dodging
 - Level 7.2 Stealth
 * Level 13.9 Spellcasting
 + Level 2.0 Conjurations
 + Level 12.7 Hexes
 - Level 1.3 Ice Magic
 + Level 0.2 Evocations


You had 21 spell levels left.
You knew the following spells:

 Your Spells              Type           Power        Failure   Level  Hunger
a - Corona                Hex            #######      0%          1    None
c - Confuse               Hex            #######.     1%          3    None
d - Tukima's Dance        Hex            #######.     1%          3    None
h - Ensorcelled Hibernat  Hex/Ice        ######       1%          2    None
s - Dazzling Spray        Conj/Hex       ######..     1%          3    None


Dungeon Overview and Level Annotations

Branches:
Dungeon (1/1)

Altars:
Cheibriados
Dithmenos
Fedhas
Gozag
Kikubaaqudgha
Makhleb
Okawaru
Pakellas
Qazlal
Ru
Sif Muna
Trog
Vehumet
Xom
Yredelemnul
Zin
The Shining One
Jiyva
Lugonu

Shops:
D *[%??*?*:[((!!!!

Annotations:
D Lernaean hydra


Message History

Casting: Dazzling Spray
Confirm with . or Enter, or press ? or * to list all spells.
Aiming: Dazzling Spray
Press: ? - help, Shift-Dir - straight line, f/p - 27-headed Lernaean hydra
Aim: the 27-headed Lernaean hydra (almost dead)
The spray of energy hits the 27-headed Lernaean hydra.
The 27-headed Lernaean hydra is almost dead.
You now have 9/26 mp.
Casting: Dazzling Spray
Confirm with . or Enter, or press ? or * to list all spells.
Aiming: Dazzling Spray
Press: ? - help, Shift-Dir - straight line, f/p - 27-headed Lernaean hydra
Aim: the 27-headed Lernaean hydra (almost dead)
The spray of energy hits the 27-headed Lernaean hydra.
The 27-headed Lernaean hydra is almost dead.
The 27-headed Lernaean hydra bites you. The 27-headed Lernaean hydra bites you!
The 27-headed Lernaean hydra bites you. The 27-headed Lernaean hydra bites you!
* * * LOW HITPOINT WARNING * * *
The 27-headed Lernaean hydra bites you!
You die...

#⌠..........# #.<.# #.........
#⌠..........###...###.........
##.............###............
###∩........8.# #.8........∩#
##∩_........###......__.∩##
######.8.........8.######
#⌠...........⌠#
###D........### #_@......_#
#_......._# #_......._#
#∩.......∩# ##∩.....∩##
##.....## ##⌠⌠⌠## #####


You could see the 27-headed Lernaean hydra.

Vanquished Creatures
  Grum (D)
  Menkaure (D)
  3 hell hounds (D)
  A wolf (D)
  2 scorpions (D)
  Jessica (D)
  4 mummies (D)
  A worm (D)
  An orc (D)
  3 giant cockroaches (D)
  A goblin (D)
  A jackal (D)
  A giant newt (D)
21 creatures vanquished.

Notes
Turn   | Place    | Note
--------------------------------------------------------------
     0 | D        | pipel the Deep Elf Enchanter began the quest for the Orb.
     0 | D        | Reached XP level 1. HP: 10/10 MP: 6/6
     1 | D        | Found a bloodstained altar of Trog.
     2 | D        | Found a radiant altar of Vehumet.
     3 | D        | Found a stormy altar of Qazlal.
     4 | D        | Found Kauluit's Identification Station.
     4 | D        | Found a blossoming altar of Fedhas.
     4 | D        | Found Eneik's Bee Food.
     5 | D        | Found Jano's Advanced Armour.
     5 | D        | Found Pumyillo's Jewellery.
     5 | D        | Round 1.
     7 | D        | Found a viscous altar of Jiyva.
    14 | D        | Bought a transparent amber ring for 45 gold pieces
    14 | D        | Bought a crude lapis lazuli ring for 45 gold pieces
    14 | D        | Bought a bound zirconium amulet for 45 gold pieces
    14 | D        | Identified the ring of the Quahog {+Fly MR++} (You bought it in a shop in the Dungeon)
    15 | D        | Identified the ring of Spite {rC+ Int+3 Dex+3} (You bought it in a shop in the Dungeon)
    16 | D        | Identified the amulet "Yvidwu" {Gourm rC- Str+4 Dex+3 SInv} (You bought it in a shop in the Dungeon)
    17 | D        | Bought a crude golden ring for 45 gold pieces
    18 | D        | Identified the ring "Cuol" {*Corrode rF+ rN+ MR+ Str+4 SInv} (You bought it in a shop in the Dungeon)
    26 | D        | Found a shimmering altar of Xom.
    27 | D        | Found a basalt altar of Yredelemnul.
    27 | D        | Found Careocw's Magic Scroll Shop.
    28 | D        | Found Ovvy's Magic Scroll Shop.
    28 | D        | Found Jomuipho's Must-Have Magic.
    29 | D        | Found a snail-covered altar of Cheibriados.
    29 | D        | Found a deep blue altar of Sif Muna.
    29 | D        | Found an oddly glowing altar of Pakellas.
    29 | D        | Found Voinucea's Staff Store.
    33 | D        | Found a corrupted altar of Lugonu.
    37 | D        | Noticed Jessica
    37 | D        | Became a worshipper of Cheibriados the Contemplative
    47 | D        | Killed Jessica
    47 | D        | Reached skill level 5 in Stealth
    47 | D        | Reached skill level 4 in Spellcasting
    47 | D        | Reached XP level 2. HP: 6/15 MP: 6/9
    54 | D        | Learned a level 2 spell: Ensorcelled Hibernation
    67 | D        | Reached XP level 3. HP: 9/19 MP: 7/10
    76 | D        | Reached * piety under Cheibriados
    76 | D        | Arena points: 12 (+12) [x2]
    95 | D        | Learned a level 3 spell: Dazzling Spray
    99 | D        | Learned a level 3 spell: Tukima's Dance
   118 | D        | Round 2.
   139 | D        | Found a glowing silver altar of Zin.
   139 | D        | Found Bajewn's Premium Goods.
   139 | D        | Found Ossir's Miscellaneous Merchandise.
   140 | D        | Found Bobe's Basic Armour.
   145 | D        | Found Gucirr's Weapon Rack.
   145 | D        | Found a glowing golden altar of the Shining One.
   145 | D        | Found an opulent altar of Gozag.
   145 | D        | Found a shadowy altar of Dithmenos.
   154 | D        | Found a sacrificial altar of Ru.
   158 | D        | Found an ancient bone altar of Kikubaaqudgha.
   158 | D        | Found Qoixog's Do-It-Yourself Clinic.
   158 | D        | Found Rapsitos's Bottled Wisdom.
   159 | D        | Found Xymekea's Distillery.
   160 | D        | Found a burning altar of Makhleb.
   160 | D        | Found an iron altar of Okawaru.
   160 | D        | Found Zarutwomn's Distillery.
   168 | D        | Noticed a scorpion
   175 | D        | Killed a scorpion
   175 | D        | Reached ** piety under Cheibriados
   175 | D        | Reached skill level 5 in Spellcasting
   175 | D        | Reached skill level 1 in Ice Magic
   175 | D        | Reached XP level 4. HP: 22/24 MP: 10/13
   221 | D        | Reached *** piety under Cheibriados
   221 | D        | Arena points: 48 (+36) [x3]
   221 | D        | Reached skill level 7 in Spellcasting
   221 | D        | Reached XP level 5. HP: 28/28 MP: 11/16
   227 | D        | Learned a level 3 spell: Confuse
   274 | D        | Round 3.
   275 | D        | Noticed Grum
   279 | D        | Killed Grum
   279 | D        | Reached skill level 1 in Fighting
   279 | D        | Reached skill level 5 in Dodging
   279 | D        | Reached skill level 10 in Spellcasting
   279 | D        | Reached skill level 10 in Hexes
   279 | D        | Reached XP level 6. HP: 34/34 MP: 12/21
   341 | D        | Noticed a hell hound
   347 | D        | Killed a hell hound
   347 | D        | Reached **** piety under Cheibriados
   347 | D        | Reached skill level 11 in Spellcasting
   363 | D        | Noticed a hell hound
   369 | D        | Killed a hell hound
   369 | D        | Reached ***** piety under Cheibriados
   369 | D        | Reached skill level 12 in Spellcasting
   369 | D        | Reached XP level 7. HP: 38/38 MP: 9/25
   378 | D        | Reached skill level 13 in Spellcasting
   381 | D        | Arena points: 132 (+84) [x4]
   428 | D        | Round 4.
   450 | D        | Reached skill level 1 in Conjurations
   475 | D        | Noticed Menkaure
   484 | D        | Killed Menkaure
   495 | D        | Reached ****** piety under Cheibriados
   515 | D        | Arena points: 156 (+24) [x1]
   529 | D        | Round 5.
   537 | D        | Noticed the 27-headed Lernaean hydra
   555 | D        | Slain by the 27-headed Lernaean hydra

Skill      XL: |  1  2  3  4  5  6  7 |
---------------+----------------------+-----
Dodging        | 3 4 5 6 |  6.2
Stealth        | 5 7 |  7.2
Spellcasting   | 4 5 7 10 12 13 | 13.9
Hexes          | 6 7 8 10 11 12 | 12.7
Ice Magic      | 1 |  1.3
Short Blades   | 2 3 |  3.5
Fighting       | 1 |  1.6
Conjurations   | 2 |  2.0
Evocations     | |  0.2

Action                   |  1- 3 |  4- 6 |  7- 9 || total
-------------------------+-------+-------+-------++-------
Melee: Dagger            |    13 |    14 |     7 ||    34
 Cast: Corona            |     2 |       |       ||     2
       Ensorcelled Hiber |     4 |     5 |     2 ||    11
       Tukima's Dance    |       |     1 |       ||     1
       Dazzling Spray    |       |     2 |    15 ||    17
       Confuse           |       |     2 |     5 ||     7
Evoke: Wand              |       |       |    10 ||    10
  Use: Scroll            |       |       |     2 ||     2
       Potion            |       |       |     1 ||     1
 Stab: Sleeping          |     4 |     4 |     2 ||    10
       Confused          |       |       |     1 ||     1
  Eat: Chunk             |     3 |       |     6 ||     9
Armor: Robe              |     2 |     1 |       ||     3
Dodge: Dodged            |     6 |     9 |     2 ||    17
